 Dungeon Crawl Stone Soup version 0.22.1-2-g9c5b331383 (webtiles) character file.

66174 Peloso the Fencer (level 14, -8/129 HPs)
             Began as a Minotaur Fighter on Dec 31, 2018.
             Was the Champion of Okawaru.
             Killed from afar by an orc sorcerer (25 damage)
             ... with a bolt of negative energy
             ... on level 2 of the Orcish Mines.
             The game lasted 00:41:25 (17455 turns).

Peloso the Fencer (Minotaur Fighter)               Turns: 17455, Time: 00:41:31

Health: -8/129     AC: 29    Str: 27    XL:     14   Next: 78%
Magic:  14/14      EV:  6    Int:  8    God:    Okawaru [******]
Gold:   1618       SH: 14    Dex: 12    Spells: 13/13 levels left

rFire    . . .     SeeInvis .   a - +7 double sword of the Warrior {drain, rC+ Str+3}
rCold    + + .     Gourm    .   c - +0 shield
rNeg     . . .     Faith    .   g - +0 crystal plate armour
rPois    +         Spirit   .   H - +1 hat {Int+3}
rElec    +         Reflect  .   m - +1 cloak of Mezcal {rElec}
rCorr    .         Harm     .   p - +2 pair of gloves
MR       +....                  x - +2 pair of boots
Stlth    ..........             J - amulet of magic regeneration
HPRegen  0.31/turn              y - +3 ring of slaying
MPRegen  0.39/turn              L - ring of the Marlin {Wiz rPois rC+}

@: about to teleport, corroded, drained
A: retaliatory headbutt, horns 2
a: Heroism, Finesse, Renounce Religion


You were on level 2 of the Orcish Mines.
You worshipped Okawaru.
Okawaru was exalted by your worship.
You were hungry.

You visited 4 branches of the dungeon, and saw 21 of its levels.

You collected 1618 gold pieces.

Inventory:

Hand Weapons
 a - the +7 double sword of the Warrior (weapon) {drain, rC+ Str+3}
   (Okawaru gifted it to you on level 6 of the Lair of Beasts)

   A truly terrible weapon, it drains the life of those it strikes.
   It affects your strength (+3).
   It protects you from cold.
 b - the +6 double sword of Vanad {slice, rElec rC+ Str-2}
   (Okawaru gifted it to you on level 1 of the Lair of Beasts)

   It inflicts extra damage upon your enemies.
   It affects your strength (-2).
   It protects you from cold.
   It insulates you from electricity.
 t - a +1 hand axe of flaming
Armour
 c - a +0 shield (worn)
 g - a +0 crystal plate armour (worn)
 m - the +1 cloak of Mezcal (worn) {rElec}
   (Okawaru gifted it to you on level 3 of the Lair of Beasts)

   It insulates you from electricity.
 p - a +2 pair of gloves (worn)
 x - a +2 pair of boots (worn)
 H - a +1 hat of intelligence (worn)
 K - a +3 plate armour of cold resistance
Jewellery
 j - the ring "Wynuvvam" {Int+4 Dex+2}
   (You found it on level 3 of the Lair of Beasts)

   [ring of dexterity]

   It affects your intelligence (+4).
   It affects your dexterity (+2).
 n - an uncursed ring of protection from cold
 r - an uncursed ring of resist corrosion
 v - a +3 ring of protection
 y - a +3 ring of slaying (left hand)
 D - an uncursed ring of positive energy
 G - a +5 ring of evasion
 J - an amulet of magic regeneration (around neck)
 L - the ring of the Marlin (right hand) {Wiz rPois rC+}
   (You found it on level 9 of the Dungeon)

   [ring of wizardry]

   It improves your spell success rate.
   It protects you from cold.
   It protects you from poison.
Wands
 e - a wand of paralysis (14)
Scrolls
 i - 6 scrolls of teleportation
 k - 4 scrolls of magic mapping
 o - 3 scrolls of enchant armour
 q - a scroll of noise
 s - 6 scrolls of identify
 z - 6 scrolls of remove curse
 P - 3 scrolls of blinking
Potions
 d - a potion of might
 h - 4 potions of haste
 l - 2 potions of berserk rage
 u - a potion of flight
 w - a potion of resistance
 A - 5 potions of curing
 C - 2 potions of agility
 I - a potion of brilliance
Miscellaneous
 E - a box of beasts
 F - a crystal ball of energy
Comestibles
 f - 49 rations
 B - 4 chunks of flesh


   Skills:
 + Level 13.5(12.8) Fighting
 + Level 17.2(16.4) Long Blades
 + Level 1.7(1.2) Axes
 + Level 14.1(13.3) Armour
 + Level 1.1(0.6) Dodging
 + Level 3.3(2.8) Stealth
 + Level 15.7(14.9) Shields
 + Level 2.5(1.9) Invocations
 + Level 0.7(0.2) Evocations


You had 13 spell levels left.
You didn't know any spells.
Your spell library contained the following spells:

 Spells                   Type           Power        Failure   Level  Hunger
 Beastly Appendage        Tmut           #.....       98%         1    ##.....
 Magic Dart               Conj           #...         98%         1    ##.....
 Summon Small Mammal      Summ           #...         98%         1    ##.....
 Blink                    Tloc           N/A          99%         2    ###....
 Call Imp                 Summ           #.......     99%         2    ###....
 Searing Ray              Conj           #.....       99%         2    ###....
 Shroud of Golubria       Chrm/Tloc      #.........   99%         2    ###....
 Slow                     Hex            #.......     99%         2    ###....
 Sticks to Snakes         Tmut           #.......     99%         2    ###....
 Call Canine Familiar     Summ           #.......     100%        3    ####...
 Conjure Flame            Conj/Fire      #.......     100%        3    ####...
 Dazzling Spray           Conj/Hex       #.....       100%        3    ####...
 Gell's Gravitas          Tloc           #.........   100%        3    ####...
 Lesser Beckoning         Tloc           #.........   100%        3    ####...
 Mephitic Cloud           Conj/Pois/Air  #.......     100%        3    ####...
 Spider Form              Tmut/Pois      #.........   100%        3    ####...
 Summon Guardian Golem    Hex/Summ       #.......     100%        3    ####...
 Teleport Other           Tloc           #.......     100%        3    ####...
 Force Lance              Conj/Tloc      #.......     100%        4    #####..
 Fulminant Prism          Conj/Hex       #.........   100%        4    #####..
 Ice Form                 Ice/Tmut       #.......     100%        4    #####..
 Iskenderun's Mystic Bla  Conj           #.......     100%        4    #####..
 Passage of Golubria      Tloc           N/A          100%        4    #####..
 Summon Ice Beast         Ice/Summ       #.......     100%        4    #####..
 Summon Lightning Spire   Summ/Air       #.......     100%        4    #####..
 Blade Hands              Tmut           #.........   100%        5    ######.
 Metabolic Englaciation   Hex/Ice        #.........   100%        5    ######.
 Bolt of Cold             Conj/Ice       #.........   100%        6    #######
 Freezing Cloud           Conj/Ice/Air   #.........   100%        6    #######
 Ozocubu's Refrigeration  Ice            #.........   100%        6    #######
 Simulacrum               Ice/Necr       #.........   100%        6    #######


Dungeon Overview and Level Annotations

Branches:
Dungeon (12/15)            Temple (1/1) D:4            Lair (6/6) D:9
  Swamp (0/4) Lair:4        Snake (0/4) Lair:3        Slime (0/5) Lair:5
    Orc (2/2) D:11            Elf (0/3) Orc:2

Altars:
Ashenzari
Cheibriados
Dithmenos
Elyvilon
Fedhas
Gozag
Hepliaklqana
Kikubaaqudgha
Makhleb
Nemelex Xobeh
Okawaru
Qazlal
Ru
Sif Muna
Trog
Uskayaw
Vehumet
Wu Jian
Xom
Yredelemnul
Zin
The Shining One

Shops:
D:4 :   D:8 *   D:12 [

Annotations:
Orc:2 Saint Roka


Innate Abilities, Weirdness & Mutations

You reflexively headbutt those who attack you in melee.
You have a pair of horns on your head.


Message History

An orc priest comes into view. It is wielding a flail.
You slash the orc priest!
The orc priest is severely wounded.
You feel sick.
You are no longer poisoned.
An orc wizard comes into view. It is wielding a dagger.
The orc wizard shouts!
You slice the orc priest!!
You kill the orc priest!
Okawaru accepts your kill.
You hear a shout!
Unknown command.
As you read the scroll of teleportation, it crumbles to dust.
You feel strangely unstable. The rust devil hits you.
The rust devil corrodes you! The orc sorcerer casts a spell at you.
The bolt of negative energy hits the rust devil.
The rust devil completely resists.
The bolt of negative energy hits you!
You feel drained.
You die...

###.......### #.
##..........# ##.
#..........## #...
###..........##
#..##...........#.#
##.............#....
####^..#..............#
##.#........3...........
....#...#)oo4o(4@)......
......§..o#####..#.....#
.......§§).# ##.#.....#
.......433o# ### ..8#
........)oo## ..#
.......5(o..# .#
#.......o((.# .
........(.o#####
#<.........)8....o


You could see Saint Roka, a sun demon, 2 rust devils, an orc sorcerer and 2 orc
warriors.

Vanquished Creatures
  Gastronok (D:8)
  Donald (Orc:2)
  Nessos (Orc:2)
  2 entropy weavers (Lair:5)
  A dire elephant (Lair:6)
  Harold (D:9)
  2 hydras
  3 catoblepae (Lair:6)
  2 ghost crabs (Lair:5)
  5 death yaks (Lair:6)
  8 two-headed ogres
  A deep troll shaman (Lair:6)
  An orc high priest (Orc:2)
  Sonja (D:11)
  Nergalle (D:11)
  5 fire crabs (Lair:5)
  3 unseen horrors
  2 orc knights
  A manticore (D:12)
  A slime creature (D:12)
  8 elephants (Lair:6)
  A cyclops (D:12)
  3 oklob plants (Lair:1)
  An apocalypse crab (Lair:5)
  An eye of devastation (Lair:5)
  5 black mambas
  A gargoyle (D:11)
  9 spiny frogs
  A centaur skeleton (D:11)
  3 rime drakes
  7 komodo dragons
  3 trolls
  3 polar bears
  A hornet (D:12)
  11 hippogriffs
  15 blink frogs
  A meliai zombie (D:12)
  4 dream sheep (Lair:5)
  A spriggan (Lair:4)
  A shadow (D:12)
  A wyvern (D:8)
  34 yaks
  2 basilisks (D:9)
  A steam dragon (D:12)
  3 hungry ghosts
  A naga (Lair:3)
  7 water moccasins
  12 porcupines
  A sky beast (D:7)
  2 necrophages
  3 ice beasts
  16 orc warriors
  3 black bears
  2 phantoms (D:10)
  8 ogres
  An eye of draining (Lair:5)
  17 wolves
  5 centaurs
  14 crocodiles
  3 big kobolds
  2 wyvern zombies
  9 bullfrogs
  5 scorpions
  4 killer bees (D:11)
  3 wights (D:7)
  3 howler monkeys
  4 crimson imps
  2 electric eels
  A bullfrog zombie (D:5)
  2 centaur zombies
  3 hounds
  3 jellies
  A quasit (D:12)
  13 orc priests
  3 bullfrog skeletons
  3 iguanas
  7 worker ants
  20 orc wizards
  A killer bee zombie (D:2)
  2 worker ant zombies
  7 gnolls
  5 adders
  3 shadow imps
  3 oozes
  An adder skeleton (D:6)
  A worm (D:2)
  2 dart slugs
  5 leopard geckos
  47 orcs
  8 giant cockroaches
  8 goblins
  10 hobgoblins
  11 jackals
  2 quokkas
  2 ball pythons (D:2)
  10 bats
  5 frilled lizards
  17 kobolds
  6 rats
  A plant (Lair:1)
504 creatures vanquished.

Vanquished Creatures (others)
  An entropy weaver (Lair:5)
  A fungus (Lair:3)
  2 plants
4 creatures vanquished.

Grand Total: 508 creatures vanquished

Notes
Turn   | Place    | Note
-------+----------+-------------------------------------------
     0 | D:1      | Peloso the Minotaur Fighter began the quest for the Orb.
     0 | D:1      | Reached XP level 1. HP: 19/19 MP: 0/0
    70 | D:1      | Reached XP level 2. HP: 24/27 MP: 1/1
   288 | D:1      | Reached XP level 3. HP: 21/33 MP: 2/2
   485 | D:1      | Reached skill level 3 in Long Blades
   813 | D:2      | Reached XP level 4. HP: 30/40 MP: 3/3
  1351 | D:3      | Reached skill level 4 in Long Blades
  1351 | D:3      | Reached XP level 5. HP: 12/47 MP: 4/4
  1820 | D:3      | Noticed a dagger
  1821 | D:3      | Noticed a hand axe
  1836 | D:3      | Found a hide-covered altar of Uskayaw.
  1889 | D:3      | Found a sacrificial altar of Ru.
  2148 | D:3      | Reached skill level 5 in Shields
  2375 | D:4      | Found a staircase to the Ecumenical Temple.
  2398 | Temple   | Entered the Ecumenical Temple
  2635 | Temple   | Became a worshipper of Warmaster Okawaru
  2738 | D:4      | Reached skill level 5 in Armour
  2738 | D:4      | Reached XP level 6. HP: 53/53 MP: 5/5
  2907 | D:4      | Reached skill level 5 in Long Blades
  2908 | D:4      | Reached skill level 5 in Fighting
  2931 | D:4      | Found Kuitwuq's Book Emporium.
  2978 | D:5      | Entered Level 5 of the Dungeon
  3138 | D:5      | Reached * piety under Okawaru
  3138 | D:5      | Reached XP level 7. HP: 51/61 MP: 6/6
  3382 | D:5      | Reached skill level 6 in Long Blades
  4164 | D:6      | Reached skill level 7 in Long Blades
  4164 | D:6      | Reached XP level 8. HP: 64/70 MP: 7/7
  4639 | D:7      | Found a blossoming altar of Fedhas.
  4702 | D:7      | Reached ** piety under Okawaru
  5071 | D:7      | Reached skill level 8 in Long Blades
  5326 | D:8      | Found Nuocisodgh's Demolitions Depot.
  5477 | D:8      | Reached XP level 9. HP: 71/75 MP: 8/8
  5530 | D:8      | Noticed a two-headed ogre
  5535 | D:8      | Killed a two-headed ogre
  5535 | D:8      | Reached *** piety under Okawaru
  5535 | D:8      | Reached skill level 9 in Long Blades
  5545 | D:8      | Noticed a two-headed ogre
  5550 | D:8      | Reached **** piety under Okawaru
  5559 | D:8      | Killed a two-headed ogre
  5559 | D:8      | Reached skill level 10 in Long Blades
  5559 | D:8      | Reached skill level 1 in Dodging
  5559 | D:8      | Reached skill level 1 in Invocations
  5736 | D:8      | Noticed Gastronok
  5779 | D:8      | Killed Gastronok
  5779 | D:8      | Reached ***** piety under Okawaru
  5779 | D:8      | Reached skill level 11 in Long Blades
  5779 | D:8      | Reached skill level 10 in Armour
  5779 | D:8      | Reached XP level 10. HP: 46/86 MP: 7/10
  5936 | D:8      | Noticed a two-headed ogre
  5945 | D:8      | Killed a two-headed ogre
  5962 | D:8      | Killed an unseen horror
  5962 | D:8      | Reached skill level 12 in Long Blades
  6313 | D:9      | Received a gift from Okawaru
  6741 | D:9      | Found a staircase to the Lair.
  6898 | D:9      | Reached XP level 11. HP: 83/95 MP: 11/11
  6930 | D:9      | Got a steaming jade ring
  6961 | D:9      | Noticed Harold
  6973 | D:9      | Killed Harold
  6973 | D:9      | Reached skill level 1 in Stealth
  6983 | D:9      | Reached skill level 10 in Shields
  7105 | D:9      | Found a glowing golden altar of the Shining One.
  7110 | D:9      | Found a shimmering altar of Xom.
  7112 | D:9      | Found a basalt altar of Yredelemnul.
  7113 | D:9      | Found a shattered altar of Ashenzari.
  7114 | D:9      | Found a sparkling altar of Nemelex Xobeh.
  7325 | D:10     | Entered Level 10 of the Dungeon
  7689 | D:10     | Reached skill level 13 in Long Blades
  7749 | D:10     | Killed an unseen horror
  7923 | D:11     | Noticed Nergalle
  7945 | D:11     | Killed Nergalle
  7945 | D:11     | Received a gift from Okawaru
  8075 | D:11     | Found a stormy altar of Qazlal.
  8176 | D:11     | Noticed Sonja
  8569 | D:11     | Killed an unseen horror
  8667 | D:11     | Noticed a five-headed hydra
  8683 | D:10     | Killed a one-headed hydra
  8683 | D:10     | Received a gift from Okawaru
  9169 | D:11     | Killed Sonja
  9258 | D:11     | Reached skill level 1 in Axes
  9336 | D:11     | Found a staircase to the Orcish Mines.
  9353 | D:11     | Reached skill level 10 in Fighting
  9366 | D:11     | Reached XP level 12. HP: 82/106 MP: 12/12
  9694 | D:11     | Noticed a two-headed ogre
  9701 | D:11     | Killed a two-headed ogre
  9701 | D:11     | Reached skill level 14 in Long Blades
  9715 | D:12     | Noticed a two-headed ogre
  9721 | D:12     | Killed a two-headed ogre
  9781 | D:12     | Found Arrecwa's Armour Shop.
  9808 | D:12     | Noticed a two-headed ogre
  9820 | D:12     | Killed a two-headed ogre
  9820 | D:12     | Reached ****** piety under Okawaru
  9820 | D:12     | Received a gift from Okawaru
  9917 | D:12     | Got a smoking great sword {god gift}
  9918 | D:12     | Identified the +0 great sword "Gyronn" {holy, *Noise +Blink
                  | MR++ Str+2} (Okawaru gifted it to you on level 12 of the
                  | Dungeon)
  9920 | D:12     | Identified the ring of the Marlin {Wiz rPois rC+} (You
                  | found it on level 9 of the Dungeon)
 10653 | Lair:1   | Entered Level 1 of the Lair of Beasts
 11250 | Lair:1   | Received a gift from Okawaru
 11265 | Lair:1   | Got a slimy double sword {god gift}
 11266 | Lair:1   | Identified the +6 double sword of Vanad {slice, rElec rC+
                  | Str-2} (Okawaru gifted it to you on level 1 of the Lair of
                  | Beasts)
 11481 | Lair:1   | Reached skill level 15 in Long Blades
 12130 | Lair:2   | Reached XP level 13. HP: 81/116 MP: 13/13
 12704 | Lair:3   | Got a warped wooden ring
 12744 | Lair:3   | Identified the ring "Wynuvvam" {Int+4 Dex+2} (You found it
                  | on level 3 of the Lair of Beasts)
 12762 | Lair:3   | Received a gift from Okawaru
 12802 | Lair:3   | Received a gift from Okawaru
 12813 | Lair:3   | Got a steaming cloak {god gift}
 12819 | Lair:3   | Identified the +1 cloak of Mezcal {rElec} (Okawaru gifted
                  | it to you on level 3 of the Lair of Beasts)
 13121 | Lair:3   | Found a staircase to the Snake Pit.
 13631 | Lair:4   | Found a staircase to the Swamp.
 13747 | Lair:4   | Reached skill level 16 in Long Blades
 14131 | Lair:5   | Found a staircase to the Slime Pits.
 14238 | Lair:5   | Found a runed door.
 14781 | Lair:5   | Noticed an entropy weaver
 14794 | Lair:5   | Killed an entropy weaver
 14794 | Lair:5   | Received a gift from Okawaru
 15287 | Lair:5   | Noticed an entropy weaver
 15299 | Lair:5   | Killed an entropy weaver
 15335 | Lair:5   | Reached XP level 14. HP: 127/127 MP: 11/14
 15343 | Lair:5   | Noticed an entropy weaver
 15347 | Lair:5   | Killed an entropy weaver
 15456 | Lair:6   | Entered Level 6 of the Lair of Beasts
 15719 | Lair:6   | Received a gift from Okawaru
 15719 | Lair:6   | Reached skill level 15 in Shields
 15727 | Lair:6   | Got a transparent double sword {god gift}
 15728 | Lair:6   | Identified the +7 double sword of the Warrior {drain, rC+
                  | Str+3} (Okawaru gifted it to you on level 6 of the Lair of
                  | Beasts)
 16426 | Lair:6   | Received a gift from Okawaru
 16885 | Orc:1    | Entered Level 1 of the Orcish Mines
 16904 | Orc:1    | Reached skill level 17 in Long Blades
 17048 | Orc:2    | Entered Level 2 of the Orcish Mines
 17048 | Orc:2    | Noticed Donald
 17069 | Orc:2    | Killed Donald
 17119 | Orc:2    | Found a staircase to the Elven Halls.
 17379 | Orc:2    | Noticed Nessos
 17392 | Orc:2    | Killed Nessos
 17432 | Orc:2    | Noticed Saint Roka
 17455 | Orc:2    | Killed from afar by an orc sorcerer

Skill      XL: |  1  2  3  4  5  6  7  8  9 10 11 12 13 14 |
---------------+-------------------------------------------+-----
Armour         | 4 5 7 8 10 11 12 13 14 | 14.1
Fighting       | 4 5 6 7 8 10 11 12 13 | 13.5
Shields        | 4 5 6 7 9 11 13 14 15 | 15.7
Long Blades    | 3 4 5 7 8 11 12 13 15 16 17 | 17.2
Dodging        | 1 |  1.1
Invocations    | 1 2 |  2.5
Stealth        | 1 3 |  3.3
Axes           | 1 |  1.7
Evocations     | |  0.7

Action                   |  1- 3 |  4- 6 |  7- 9 | 10-12 | 13-15 || total
-------------------------+-------+-------+-------+-------+-------++-------
Melee: Long sword        |    93 |   168 |   215 |    39 |       ||   515
       Headbutt          |    15 |    32 |    59 |   138 |   132 ||   376
       Scimitar          |       |       |       |   478 |       ||   478
       Hand axe          |       |       |       |     5 |     6 ||    11
       Double sword      |       |       |       |    55 |   533 ||   588
Invok: Heroism           |       |       |     5 |     7 |     5 ||    17
Evoke: Wand              |       |       |       |     2 |       ||     2
  Use: Potion            |       |       |     1 |     2 |       ||     3
       Scroll            |       |       |    13 |    13 |     8 ||    34
 Stab: Petrified         |       |       |       |       |    10 ||    10
       Petrifying        |       |       |       |       |     1 ||     1
  Eat: Chunk             |       |     4 |     9 |    18 |    14 ||    45
       Ration            |       |     1 |       |     1 |     1 ||     3
Armor: Scale mail        |    45 |       |       |       |       ||    45
       Plate armour      |    19 |   108 |   109 |   218 |       ||   454
       Crystal plate arm |       |       |       |   136 |   411 ||   547
Dodge: Dodged            |    23 |    23 |    24 |   108 |   109 ||   287
Block: Shield            |    68 |   109 |    99 |   369 |   418 ||  1063
       Rpst.: Long sword |     6 |     9 |     8 |     2 |       ||    25
       Scimitar          |       |       |       |    14 |       ||    14
       Double sword      |       |       |       |     2 |    32 ||    34
